 Dungeon Crawl Stone Soup version 0.28.0-53-g5a82cb258f (webtiles) character file.

Game seed: 10266877138240235378

290 Suckeychicken the Grave Robber (level 6, 0/57 (59) HPs)
             Began as a Troll Necromancer on Aug 7, 2022.
             Slain by a hornet zombie (12 damage)
             ... on level 4 of the Dungeon.
             The game lasted 00:45:24 (2944 turns).

Suckeychicken the Grave Robber (Troll Necromancer)  Turns: 2944, Time: 00:45:25

HP:   0/57 (59)     AC:  5    Str: 23    XL:     6   Next: 9%
MP:   7/8           EV: 10    Int: 21    God:
Gold: 124           SH:  0    Dex: 14    Spells: 3/9 levels left

rFire   . . .      SeeInvis .     - Unarmed
rCold   . . .      Faith    .   (no shield)
rNeg    . . .      Spirit   .   r - +1 robe {Archmagi}
rPois   .          Reflect  .   (helmet restricted)
rElec   .          Harm     .   (no cloak)
rCorr   .          Rampage  .   (gloves unavailable)
Will    .....      Archmagi +   (boots unavailable)
Stlth   ++........              (no amulet)
HPRegen 0.99/turn               d - ring "Nyrezobb" {Int+6 Dex+4}
MPRegen 0.11/turn               u - +6 ring of strength

@: lightly drained
A: large, unfitting armour, claws 3, regeneration 1, shaggy fur 1, tough skin 1,
horns 1, clever 1, robust 1, wild magic 1
a: no special abilities


You were on level 4 of the Dungeon.
You visited 1 branch of the dungeon, and saw 4 of its levels.

You collected 124 gold pieces.

Inventory:

Hand Weapons
 b - a +2 hand axe of freezing
 e - a +0 dagger
 l - a +0 hunting sling
Missiles
 c - 24 stones
 f - 5 javelins
Armour
 a - a +0 robe
 r - a +1 robe of the Archmagi (worn)
Jewellery
 d - the ring "Nyrezobb" (left claw) {Int+6 Dex+4}
   (You found it on level 2 of the Dungeon)

   [ring of intelligence]

   Int:       It affects your intelligence (+6).
   Dex:       It affects your dexterity (+4).
 u - a +6 ring of strength (right claw)
Wands
 t - a wand of polymorph (7)
Scrolls
 h - a scroll of immolation {unknown}
 i - 2 scrolls of enchant weapon {unknown}
 j - 3 scrolls of fear {unknown}
 k - a scroll of noise {unknown}
 n - a scroll of teleportation {unknown}
 o - a scroll of blinking {unknown}
 s - a scroll of identify {unknown}
Potions
 g - a potion of lignification
 m - a potion of magic {unknown}
 p - a potion of might {unknown}
 q - 2 potions of heal wounds {unknown}


   Skills:
 + Level 0.5 Fighting
 - Level 0.3 Axes
 * Level 2.2 Dodging
 - Level 1.0 Stealth
 + Level 1.2 Unarmed Combat
 * Level 2.4 Spellcasting
 * Level 4.7 Necromancy


You had 3 spell levels left.
You knew the following spells:

 Your Spells              Type           Power      Damage    Failure   Level
a - Pain                  Necr           100%       1d9       3%          1
b - Animate Skeleton      Necr           86%        N/A       3%          1
c - Animate Dead          Necr           21%        N/A       28%         4

Your spell library contained the following spells:

 Spells                   Type           Power      Damage    Failure   Level
 Vampiric Draining        Necr           43%        2d9       10%         3
 Agony                    Necr           43%        N/A       58%         5


Dungeon Overview and Level Annotations

Branches:
Dungeon (4/15)
 Temple: D:4-7

Altars:


Innate Abilities, Weirdness & Mutations

You are too large for most types of armour.
You have claws for hands.
Your natural rate of healing is unusually fast.
You are covered in fur. (AC +1)
You have tough skin. (AC +1)
You have a pair of small horns on your head.
Your mind is acute. (Int +2)
You are robust. (+10% HP)
Your spells are a little harder to cast, but a little more powerful.


Message History

Confirm with . or Enter, or press ? or * to list all spells.
Aiming: Pain (safe; 3% risk of failure)
Press: ? - help, Shift-Dir - straight line, f - hornet zombie
Aim: a hornet zombie (not susceptible)
You feel a surge of power!
The hornet zombie is unaffected.
Casting: Pain (safe; 3% risk of failure)
Confirm with . or Enter, or press ? or * to list all spells.
Aiming: Pain (safe; 3% risk of failure)
Press: ? - help, Shift-Dir - straight line, f/p - hornet zombie
Aim: a hornet zombie (not susceptible)
You feel a surge of power!
The hornet zombie is unaffected.
The hornet zombie hits you but does no damage.
You scratch the hornet zombie.
The hornet zombie is lightly damaged.
The hornet zombie hits you.
You barely miss the hornet zombie.
The hornet zombie is lightly damaged.
The hornet zombie hits you! The iguana bites you!
You closely miss the hornet zombie. Your headbutt misses the hornet zombie.
The hornet zombie is lightly damaged.
The hornet zombie hits you.
The hornet zombie hits you but does no damage.
The iguana bites you.
You scratch the hornet zombie.
The hornet zombie is lightly damaged.
The hornet zombie closely misses you. The iguana bites you!
You scratch the hornet zombie but do no damage.
The hornet zombie is lightly damaged.
The hornet zombie barely misses you. The iguana closely misses you.
You claw the hornet zombie!
The hornet zombie is moderately damaged.
The hornet zombie hits you but does no damage.
The iguana bites you!
* * * LOW HITPOINT WARNING * * *
The hornet zombie barely misses you. The hornet zombie hits you.
* * * LOW HITPOINT WARNING * * *
There is a stone staircase leading up here.
The hornet zombie hits you!
You die...

.## #....# #....#
#....########
#...........
####....#....###
..........(....#.#
#....#Z@..!...#
#..l....#.###
###.#.......
#.#####.## #.# #
#.# #.# #.# #.#


You could see an iguana and a hornet zombie.

Vanquished Creatures
  A black bear (D:3)
  Jessica (D:2)
  Ijyb (D:3)
  Robin (D:3)
  An adder (D:3)
  2 gnolls (D:3)
  4 worms (D:2)
  3 dart slugs
  4 endoplasms
  6 giant cockroaches
  9 goblins
  8 hobgoblins
  3 kobolds
  3 quokkas
  6 ball pythons
  8 bats
  5 frilled lizards
  5 rats
71 creatures vanquished.

Vanquished Creatures (collateral kills)
  2 gnolls (D:3)
  An endoplasm (D:3)
3 creatures vanquished.

Vanquished Creatures (others)
  8 plants (D:1)
8 creatures vanquished.

Grand Total: 82 creatures vanquished

Notes
Turn   | Place    | Note
-------+----------+-------------------------------------------
     0 | D:1      | Suckeychicken the Troll Necromancer began the quest for the
                  | Orb.
     0 | D:1      | Reached XP level 1. HP: 16/16 MP: 1/1
    81 | D:1      | Reached XP level 2. HP: 24/24 MP: 2/2
   203 | D:1      | Found a faded altar of an unknown god.
   554 | D:1      | Reached XP level 3. HP: 27/31 MP: 1/4
   887 | D:2      | Identified the ring "Nyrezobb" {Int+6 Dex+4}
   925 | D:2      | Gained mutation: You are partially covered in iridescent
                  | scales. (AC +2) [potion of mutation]
  1007 | D:2      | Lost mutation: You are partially covered in iridescent
                  | scales. (AC +2) [potion of mutation]
  1007 | D:2      | Gained mutation: You have a pair of small horns on your
                  | head. [potion of mutation]
  1007 | D:2      | Gained mutation: Your mind is acute. (Int +2) [potion of
                  | mutation]
  1007 | D:2      | Gained mutation: You are robust. (+10% HP) [potion of
                  | mutation]
  1007 | D:2      | Gained mutation: Your spells are a little harder to cast,
                  | but a little more powerful. [potion of mutation]
  1272 | D:2      | Noticed Jessica
  1278 | D:2      | Killed Jessica
  1279 | D:2      | Reached skill level 4 in Necromancy
  1279 | D:2      | Reached XP level 4. HP: 42/42 MP: 0/5
  1341 | D:2      | Learned a level 1 spell: Animate Skeleton
  1346 | D:2      | Learned a level 4 spell: Animate Dead
  2085 | D:3      | Reached XP level 5. HP: 49/49 MP: 3/6
  2091 | D:3      | Noticed Robin
  2102 | D:3      | Killed Robin
  2277 | D:3      | Noticed a black bear
  2303 | D:3      | Killed a black bear
  2304 | D:3      | Reached skill level 1 in Unarmed Combat
  2469 | D:3      | Noticed Ijyb
  2481 | D:3      | Killed Ijyb
  2482 | D:3      | Reached XP level 6. HP: 59/59 MP: 8/8
  2944 | D:4      | Slain by a hornet zombie

Illustrated notes

Levels and vault maps discovered:
D:1:      matt_arrival_diagonals, layout_rooms,
          shapermc_ecumenical_altar_mp_ritualfount, minmay_tetromino_i4
D:2:      layout_rooms, serial_aquarium, aquarium_bridge_long_separate
          [aquarium_subvault_balcony, aquarium_subvault_bridge,
          aquarium_subvault_balcony, aquarium_subvault_bridge,
          aquarium_subvault_bridge, aquarium_subvault_bridge],
          aquarium_window_double, aquarium_window_1, aquarium_window_2,
          aquarium_window_2, aquarium_view_2d, aquarium_view_2a, st_stairs_14,
          hex_medium, kennysheep_generic_room_16, uniq_jessica
D:3:      layout_basic, uniq_robin, uniq_ijyb
D:4:      old_forge, layout_basic, palyth_temple_overflow_mages,
          minmay_temple_entry_waves

Skill      XL: |  1  2  3  4  5 |
---------------+----------------+-----
Dodging        | 2 |  2.2
Necromancy     | 4 |  4.7
Spellcasting   | 2 |  2.4
Unarmed Combat | 1 |  1.2
Fighting       | |  0.5
Axes           | |  0.3
Stealth        | |  1.0

Action                   |  1- 3 |  4- 6 || total
-------------------------+-------+-------++-------
Melee: Hand axe          |    36 |       ||    36
       Unarmed           |    61 |    62 ||   123
       Headbutt          |     1 |    11 ||    12
       Punch             |     1 |       ||     1
 Cast: Pain              |    45 |    24 ||    69
       Animate Skeleton  |       |     8 ||     8
       Animate Dead      |       |     4 ||     4
  Use: Potion            |     6 |       ||     6
Armor: Robe              |    23 |    22 ||    45
       Skin              |       |     3 ||     3
Dodge: Dodged            |    49 |    31 ||    80
